 Dungeon Crawl Stone Soup version 0.19-a0-27-g415f530 (webtiles) character file.

122512 M4edhros the Blocker (level 16, -5/132 HPs)
             Began as a Vampire Monk on May 1, 2016.
             Was an Elder of Cheibriados.
             Killed from afar by a naga mage (14 damage)
             ... with an orb of energy
             ... on level 4 of the Snake Pit.
             The game lasted 01:35:47 (10024 turns).

M4edhros the Blocker (Vampire Monk)                Turns: 10024, Time: 01:35:47

Health: -5/132     AC: 20    Str: 32    XL:     16   Next: 5%
Magic:  0/30       EV: 18    Int: 33    God:    Cheibriados [****..]
Gold:   502        SH: 29    Dex: 27    Spells: 3 memorised, 4 levels left

rFire  + + +     SeeInvis +       - Unarmed
rCold  . . .     Gourm    .     R - +5 chain mail "Lops" {Regen+ SInv}
rNeg   . . .     Faith    .     r - +6 large shield of Amelioration {rPois Str+3}
rPois  +         Spirit   +     B - +3 hat of Pondering {ponderous, MR+ MP+10 Int+5}
rElec  .         Dismiss  .     t - +0 cloak of Pandemonium {rF+ Str+4 Int+2}
rCorr  .         Reflect  .     g - +0 pair of gloves
SustAt .         Harm     .     A - +1 pair of boots
MR     +++..                    y - amulet of guardian spirit
Stlth  ..........               d - ring of wizardry
                                E - ring of protection from fire

@: about to teleport, regenerating quickly, very slow, extremely resistant to
hostile enchantments, extremely unstealthy
A: fangs 3, horns 1, talons 1, see invisible, clever 1, fire resistance 1, magic
resistance 1, mutation resistance 1, sense surroundings 1, robust 1, wild magic
1, unbreathing
a: Bend Time, Temporal Distortion, Slouch, Renounce Religion
}: 1/15 runes: decaying


You were on level 4 of the Snake Pit.
You worshipped Cheibriados.
Cheibriados was greatly pleased with you.
You were very full.

You visited 6 branches of the dungeon, and saw 32 of its levels.
You also visited: Bailey and Ice Cave.

You collected 2149 gold pieces.
You spent 1317 gold pieces at shops.

Inventory:

Hand Weapons
 l - a +0 blowgun
 o - the +5 hunting sling "Jeyd" {freeze, Dex+2}
   (You found it on level 11 of the Dungeon)

   It causes projectiles fired from it to freeze those they strike, causing
   extra injury to most foes and up to half again as much damage against
   particularly susceptible opponents.
   They can also slow down cold-blooded creatures.
   It affects your dexterity (+2).
Missiles
 b - 27 tomahawks (quivered)
 C - 181 stones
 H - 8 curare-tipped needles
 O - 120 sling bullets
Armour
 g - a +0 pair of gloves (worn)
 j - a troll hide
 r - the +6 large shield of Amelioration (worn) {rPois Str+3}
   (You acquired it on level 4 of the Swamp)

   It affects your strength (+3).
   It protects you from poison.
 t - the +0 cloak of Pandemonium (worn) {rF+ Str+4 Int+2}
   (You bought it in a shop on level 2 of the Orcish Mines)

   It affects your strength (+4).
   It affects your intelligence (+2).
   It protects you from fire.
 x - a +0 large shield
 z - a +2 cloak of poison resistance
 A - a +1 pair of boots (worn)
 B - the +3 hat of Pondering (worn) {ponderous, MR+ MP+10 Int+5}
   (You took it off Gastronok on level 3 of the Lair of Beasts)

   It affects your intelligence (+5).
   It affects your resistance to hostile enchantments.
   It affects your magic capacity (+10).
 R - the +5 chain mail "Lops" (worn) {Regen+ SInv}
   (You found it on level 8 of the Lair of Beasts)

   It lets you see invisible.
   It increases your rate of regeneration.
 X - the +6 plate armour of Charity {rC++ Regen+ Int-2, unknown}
   (You found it on level 4 of the Swamp)

   It affects your intelligence (-2).
   It greatly protects you from cold.
   It increases your rate of regeneration.
Jewellery
 d - a ring of wizardry (right hand)
 i - a +2 ring of slaying {unknown}
 y - an amulet of guardian spirit (around neck)
 E - a ring of protection from fire (left hand)
Wands
 c - a wand of confusion (8/48)
 f - a wand of lightning (13/15)
 h - a wand of enslavement (18/24)
 v - a wand of disintegration (0/24)
 D - a wand of digging (11/24)
 J - a wand of acid (6/15)
 K - a wand of disintegration (16/24)
 L - a wand of disintegration (13/24)
 W - a wand of paralysis (5/24)
 Y - a wand of disintegration (6/24)
Scrolls
 a - a scroll of amnesia {unknown}
 k - a scroll of enchant armour
 m - a scroll of blinking
 p - a scroll of fog
 s - 2 scrolls of teleportation
 F - 2 scrolls of remove curse
 G - 3 scrolls of fear
 V - a scroll of immolation
Potions
 e - 3 potions of agility
 q - 4 potions of ambrosia
 I - 9 potions of blood
 M - a potion of might
 N - a potion of heal wounds
 P - a potion of flight
 Z - 2 potions of lignification
Books
 w - a book of Envenomations

   Spells                             Type                      Level
   a - Spider Form                    Transmutation/Poison         3
   b - Olgreb's Toxic Radiance        Poison                       4
   c - Alistair's Intoxication        Transmutation/Poison         5
   d - Poisonous Cloud                Conjuration/Poison/Air       6
Miscellaneous
 n - a lamp of fire
 u - a stone of tremors
 Q - a disc of storms
 S - a plain deck of wonders {drawn: 1}
 T - a plain deck of changes


   Skills:
 - Level 9.0 Fighting
 - Level 11.0 Dodging
 - Level 3.0 Stealth
 - Level 14.5 Shields
 - Level 13.2 Unarmed Combat
 * Level 4.5 Necromancy
 - Level 6.7 Translocations
 - Level 11.6 Transmutations
 - Level 6.3 Invocations
 - Level 6.5 Evocations


You had 4 spell levels left.
You knew the following spells:

 Your Spells              Type           Power        Failure   Level  Hunger
a - Beastly Appendage     Trmt           ######       1%          1    ##.....
b - Dispersal             Tloc           ######....   100%        6    #######
c - Animate Dead          Necr           N/A          93%         4    #####..


Dungeon Overview and Level Annotations

Branches:
Dungeon (13/15)            Temple (1/1) D:4            Lair (8/8) D:9
  Swamp (4/4) Lair:3        Snake (4/4) Lair:4        Slime (0/6) Lair:6
    Orc (2/2) D:9             Elf (0/3) Orc:2
 Vaults: D:13-14

Altars:
Ashenzari
Cheibriados
Dithmenos
Fedhas
Gozag
Makhleb
Nemelex Xobeh
Pakellas
Qazlal
Ru
Trog
Xom
Jiyva

Shops:
Orc:2 *?[}


Innate Abilities, Weirdness & Mutations

Your natural rate of healing is unusually fast.
You have razor-sharp teeth.
You have supernaturally acute eyesight.
You can survive without breathing.
You have a pair of small horns on your head.
You have sharp toenails.
Your mind is acute. (Int +2)
Your flesh is heat resistant.
You are resistant to hostile enchantments.
You are somewhat resistant to further mutation.
You passively map a small area around you.
You are robust (+10% HP).
Your spells are a little harder to cast, but a little more powerful.


Message History

The splash of poison hits you! You resist. You block the naga mage's attack.
Unknown command.
Okay, then.
Read which item? (? for menu, Esc to quit)
Okay, then.
Read which item? (? for menu, Esc to quit)
As you read the scroll of teleportation, it crumbles to dust.
You feel strangely unstable. You block the shock serpent's attack.
You block the naga mage's attack. You block the shock serpent's attack.
The greater naga spits poison at you. The splash of poison hits you!
You resist.
* * * LOW HITPOINT WARNING * * *
The shock serpent bites you but does no damage.
The shock serpent shoots out a bolt of lightning at you!
The bolt of electricity misses you. The bolt of electricity hits you!
* * * LOW HITPOINT WARNING * * *
The naga mage casts a spell at you. The orb of energy hits you!
You die...

*******
*####*,,,,,,
*###....,,,,,,,
###.......,,,,,,,
#....N....,******
##........#*,*****
#@.......#*,*,,,,,
#...N.#.#***,,,,,,
#.S..##**,,,,,,,,,
#...##*,,,,,,,,,,,
##.N##,,,,,,,,,,,,,
#...#,,,,,,,,,,,,,,
#.(.#*,,,,,,,*,,,,,
#...#*,,,,,,,,,,,,,
#...#*,,,,.......,.


You could see a greater naga, a salamander, a shock serpent and a naga mage.

Vanquished Creatures
  Gastronok (Lair:3)
  A thorn hunter (Swamp:4)
  A greater naga (Snake:4)
  The ghost of Mefis the Eclecticist, a journeyman DEWz of Sif Muna (Swamp:1)
  Azrael (D:12)
  11 hydras
  3 naga warriors
  3 anacondas
  10 death yaks
  2 alligators
  2 ogre magi (Orc:2)
  A spriggan berserker (Swamp:4)
  Sonja (D:12)
  3 shock serpents (Snake:4)
  A deep elf knight (Bailey)
  3 naga ritualists
  A spriggan druid (Swamp:1)
  2 deep trolls (Orc:2)
  12 swamp dragons
  A salamander mystic (Snake:4)
  A shambling mangrove (Swamp:4)
  An orc knight (Orc:1)
  9 deep elf magi (Bailey)
  3 hill giants
  A manticore (D:12)
  3 orc sorcerers (Orc:1)
  An oklob plant (Lair:8)
  An ugly thing (D:11)
  3 cyclopes
  5 salamanders
  A griffon (D:8)
  6 black mambas
  An elephant (Lair:8)
  A torpor snail (Lair:8)
  2 guardian serpents
  5 naga magi
  11 spiny frogs
  16 polar bears
  7 komodo dragons
  8 trolls
  2 giant leeches
  Grinder (D:4)
  10 blink frogs
  7 two-headed ogres
  2 raiju (Lair:8)
  3 bog bodies (Swamp:4)
  2 spriggans (Swamp:4)
  A wraith (D:6)
  A basilisk (Lair:3)
  53 yaks
  3 fire bats (Lair:3)
  10 hippogriffs
  3 fire elementals (D:12)
  2 wargs
  11 nagas
  14 vampire mosquitoes
  17 swamp worms
  6 water moccasins
  12 hell hounds
  4 porcupines
  15 swamp drakes
  3 sky beasts
  An ice beast (D:8)
  7 black bears
  15 orc warriors
  6 wasps
  23 wolves
  24 ogres
  3 centaurs
  5 crocodiles
  6 big kobolds
  A gnoll sergeant (D:7)
  11 giant frogs
  A wyvern skeleton (D:9)
  4 scorpions
  9 wights
  7 killer bees
  An electric eel (Lair:3)
  A howler monkey (D:8)
  4 crimson imps
  2 giant frog zombies
  A jelly (D:6)
  A giant frog skeleton (D:8)
  A gnoll shaman (Orc:1)
  3 centaur skeletons
  14 orc priests
  9 hounds
  4 iguanas
  12 orc wizards
  10 worker ants
  7 sheep
  2 worker ant zombies
  13 gnolls
  11 adders
  20 river rats
  A shadow imp (D:9)
  An adder skeleton (D:8)
  3 worms
  2 dart slugs
  2 giant geckos
  54 orcs
  5 bats
  A giant cockroach (D:1)
  2 hobgoblins (D:2)
  7 jackals
  6 quokkas
  2 ball pythons
  A giant newt (D:2)
  5 goblins
  2 jackal zombies
  9 kobolds
  2 butterflies (D:4)
  A plant (Lair:8)
674 creatures vanquished.

Vanquished Creatures (collateral kills)
  A white draconian (IceCv)
  2 hydras
  9 death yaks
  A deep elf mage (Bailey)
  2 elephants (Lair:8)
  2 black mambas
  A naga mage (Snake:2)
  A spiny frog (Lair:7)
  A komodo dragon (Lair:5)
  8 polar bears
  2 blink frogs (Lair:8)
  A raiju (Lair:8)
  7 yaks
  5 hippogriffs
  4 wargs (Lair:8)
  2 hell hounds (Lair:8)
  3 water moccasins (Lair:8)
  A necrophage (D:10)
  8 black bears
  An ogre (D:9)
  3 crocodiles
  6 wolves (Lair:8)
  2 giant frogs
  A gnoll sergeant (D:7)
  A howler monkey (D:10)
  9 hounds (Lair:8)
  A sheep (D:8)
  17 river rats
  4 jackals (Lair:8)
  A bush (Lair:8)
  2 fungi (Lair:8)
  5 plants (Lair:8)
114 creatures vanquished.

Vanquished Creatures (others)
  A merfolk impaler (Lair:6)
  A spriggan berserker (Swamp:4)
  A naga mage (Snake:4)
  A polar bear (D:8)
  A wolf (IceCv)
  5 fungi (Lair:8)
  3 plants (Lair:8)
13 creatures vanquished.

Grand Total: 801 creatures vanquished

Notes
Turn   | Place    | Note
--------------------------------------------------------------
     0 | D:1      | M4edhros the Vampire Monk began the quest for the Orb.
     0 | D:1      | Reached XP level 1. HP: 17/17 MP: 1/1
   107 | D:1      | Reached XP level 2. HP: 19/23 MP: 2/2
   126 | D:2      | Reached skill level 5 in Unarmed Combat
   227 | D:2      | Reached XP level 3. HP: 24/28 MP: 3/3
   368 | D:2      | Found a shadowy altar of Dithmenos.
   418 | D:2      | Reached XP level 4. HP: 3/34 MP: 4/4
   495 | D:4      | Noticed Grinder
   517 | D:4      | Killed Grinder
   517 | D:4      | Reached XP level 5. HP: 14/39 MP: 5/5
   517 | D:4      | Reached XP level 6. HP: 17/46 MP: 6/6
  1004 | D:4      | Found a staircase to the Ecumenical Temple.
  1009 | Temple   | Entered the Ecumenical Temple
  1029 | Temple   | Became a worshipper of Cheibriados the Contemplative
  1029 | Temple   | Reached * piety under Cheibriados
  1029 | Temple   | Reached ** piety under Cheibriados
  1083 | D:5      | Entered Level 5 of the Dungeon
  1123 | D:5      | Found a burning altar of Makhleb.
  1205 | D:5      | Reached XP level 7. HP: 44/51 MP: 7/7
  1213 | D:6      | Found a shimmering altar of Xom.
  1277 | D:6      | Reached skill level 10 in Unarmed Combat
  1417 | D:6      | Noticed a wraith
  1457 | D:6      | HP: 1/51 [wraith (5)]
  1460 | D:6      | Killed a wraith
  1460 | D:6      | Reached XP level 8. HP: 2/57 MP: 6/8
  1665 | D:6      | Reached *** piety under Cheibriados
  1847 | D:7      | Reached skill level 1 in Invocations
  1847 | D:7      | Reached skill level 1 in Evocations
  1929 | D:8      | Reached skill level 1 in Shields
  1947 | D:8      | Found a shimmering altar of Xom.
  1953 | D:9      | Found a staircase to the Lair.
  2001 | D:9      | Reached XP level 9. HP: 32/64 MP: 10/10
  2021 | D:9      | Reached skill level 2 in Shields
  2059 | D:9      | Reached skill level 5 in Dodging
  2157 | D:9      | Reached skill level 3 in Shields
  2167 | D:9      | Reached **** piety under Cheibriados
  2250 | D:10     | Entered Level 10 of the Dungeon
  2253 | D:10     | Noticed a troll
  2261 | D:10     | Killed a troll
  2265 | D:10     | Noticed a hill giant
  2353 | D:8      | Reached ***** piety under Cheibriados
  2413 | D:8      | Reached XP level 10. HP: 22/73 MP: 11/13
  2454 | D:8      | Found a huge runed gate.
  2454 | D:8      | Found a huge runed gate.
  2454 | D:8      | Found a huge runed gate.
  2454 | D:8      | Found a huge runed gate.
  2454 | D:8      | Noticed a griffon
  2462 | D:8      | Reached skill level 5 in Fighting
  2517 | D:8      | Reached skill level 4 in Shields
  2578 | D:8      | Killed a griffon
  2868 | D:8      | Reached skill level 5 in Shields
  2868 | D:8      | Reached skill level 5 in Evocations
  2914 | D:10     | Reached skill level 5 in Invocations
  3019 | D:10     | Got a twisted rapier {venom}
  3049 | D:10     | Killed a hill giant
  3068 | D:10     | Reached ****** piety under Cheibriados
  3072 | D:10     | Found a shattered altar of Ashenzari.
  3108 | D:10     | Identified the +2 rapier "Paclyups" {venom, rElec MR+ Int-2} (You took it off a crimson imp on level 10 of the Dungeon)
  3170 | D:11     | Noticed a purple ugly thing
  3185 | D:11     | Killed a purple ugly thing
  3185 | D:11     | Reached XP level 11. HP: 81/81 MP: 12/15
  3221 | D:11     | Found a flagged portal.
  3234 | Bailey   | Entered a bailey
  3241 | Bailey   | Noticed a deep elf mage
  3250 | Bailey   | Killed a deep elf mage
  3259 | Bailey   | Noticed a deep elf mage
  3261 | Bailey   | Noticed a deep elf mage
  3261 | Bailey   | Noticed a deep elf mage
  3266 | Bailey   | Killed a deep elf mage
  3267 | Bailey   | Noticed a deep elf mage
  3269 | Bailey   | Killed a deep elf mage
  3270 | Bailey   | Noticed a deep elf mage
  3277 | Bailey   | Noticed a deep elf mage
  3280 | Bailey   | Killed a deep elf mage
  3285 | Bailey   | Killed a deep elf mage
  3287 | Bailey   | Killed a deep elf mage
  3287 | Bailey   | Reached skill level 6 in Shields
  3298 | Bailey   | Killed a deep elf mage
  3315 | Bailey   | Noticed a deep elf knight
  3327 | Bailey   | Killed a deep elf knight
  3427 | Bailey   | Noticed a deep elf mage
  3427 | Bailey   | Noticed a deep elf mage
  3427 | Bailey   | Noticed a deep elf mage
  3434 | Bailey   | Killed a deep elf mage
  3442 | Bailey   | Killed a deep elf mage
  3444 | Bailey   | Killed a deep elf mage
  3525 | D:11     | Identified a scroll of acquirement
  3563 | D:11     | Got an ebony hunting sling
  3565 | D:11     | Identified the +5 hunting sling "Jeyd" {freeze, Dex+2} (You found it on level 11 of the Dungeon)
  3788 | D:12     | Noticed Sonja
  3804 | D:12     | Killed Sonja
  3853 | D:12     | Reached skill level 7 in Shields
  3950 | D:13     | Noticed a deep elf mage
  4024 | D:13     | Noticed a tengu warrior
  4078 | D:12     | Noticed Azrael
  4082 | D:12     | Reached XP level 12. HP: 75/91 MP: 16/16
  4093 | D:12     | Killed Azrael
  4106 | D:12     | Reached skill level 8 in Shields
  4209 | D:12     | Noticed a death knight
  4420 | Lair:1   | Entered Level 1 of the Lair of Beasts
  4698 | Lair:2   | Learned a level 1 spell: Beastly Appendage
  4753 | Lair:4   | Found a staircase to the Snake Pit.
  4988 | Lair:4   | Reached skill level 1 in Transmutations
  5023 | Lair:4   | Gained mutation: Your mind is acute. (Int +2) [potion of beneficial mutation]
  5025 | Lair:4   | Reached skill level 10 in Dodging
  5112 | Lair:5   | Reached skill level 9 in Shields
  5137 | Lair:5   | Found a frozen archway.
  5148 | IceCv    | Entered an ice cave
  5496 | IceCv    | Reached XP level 13. HP: 98/99 MP: 17/17
  5609 | IceCv    | Reached skill level 5 in Transmutations
  5693 | IceCv    | Noticed a white draconian
  5694 | IceCv    | Hired Kacaafiru the merfolk for 330 gold.
  5709 | IceCv    | Killed a white draconian
  5779 | IceCv    | Got a bone mace
  5780 | IceCv    | Identified the +9 mace of the Chain {crush, Int+4} (You found it in an ice cave)
  5962 | Lair:6   | Found a viscous altar of Jiyva.
  5963 | Lair:6   | Found a staircase to the Slime Pits.
  5972 | Lair:6   | Gained mutation: You are resistant to hostile enchantments. [potion of beneficial mutation]
  6072 | Lair:7   | Reached skill level 10 in Shields
  6177 | Lair:8   | Entered Level 8 of the Lair of Beasts
  6198 | Lair:8   | Gained mutation: Your spells are a little harder to cast, but a little more powerful. [potion of mutation]
  6198 | Lair:8   | Gained mutation: Your flesh is heat resistant. [potion of mutation]
  6198 | Lair:8   | Gained mutation: You passively map a small area around you. [potion of mutation]
  6301 | Lair:8   | Got a faintly humming chain mail
  6312 | Lair:8   | Identified the +5 chain mail "Lops" {Regen+ SInv} (You found it on level 8 of the Lair of Beasts)
  6409 | Lair:8   | Learned a level 6 spell: Dispersal
  6545 | Lair:8   | Reached skill level 1 in Translocations
  6594 | Lair:8   | Got a blackened battleaxe
  6673 | Lair:8   | Gained mutation: You have sharp toenails. [potion of mutation]
  6673 | Lair:8   | Gained mutation: You are frail (-10% HP). [potion of mutation]
  6673 | Lair:8   | Lost mutation: You are frail (-10% HP). [potion of mutation]
  6674 | Lair:8   | Gained mutation: You are robust (+10% HP). [potion of mutation]
  6674 | Lair:8   | Gained mutation: Your spells are harder to cast, but more powerful. [potion of mutation]
  6674 | Lair:8   | Lost mutation: Your spells are harder to cast, but more powerful. [potion of mutation]
  6677 | Lair:8   | Identified the +7 battleaxe "Otoiluji" {chop, +Fly rC+++ MP-9 Dex-4} (You found it on level 8 of the Lair of Beasts)
  6701 | Lair:8   | Reached XP level 14. HP: 118/118 MP: 18/18
  6709 | Lair:8   | Reached skill level 11 in Shields
  6771 | Lair:8   | Gained mutation: You have a pair of small horns on your head. [potion of mutation]
  6817 | Lair:8   | Found a sparkling altar of Nemelex Xobeh.
  6999 | Lair:6   | Your ally Kacaafiru died
  7163 | Lair:6   | Got a spiked scale mail
  7169 | Lair:6   | Identified the +5 scale mail of Xueqiuh {rF+ MR- Str+6} (You found it on level 6 of the Lair of Beasts)
  7433 | D:9      | Learned a level 4 spell: Animate Dead
  7479 | D:9      | Found a staircase to the Orcish Mines.
  7502 | Orc:1    | Entered Level 1 of the Orcish Mines
  7515 | Orc:2    | Entered Level 2 of the Orcish Mines
  7582 | Orc:2    | Found Edick's Gadget Boutique.
  7583 | Orc:2    | Found Uca Lufa's Magic Scroll Emporium.
  7605 | Orc:2    | Reached skill level 12 in Shields
  7654 | Orc:2    | Bought a scroll of teleportation for 45 gold pieces
  7654 | Orc:2    | Bought a scroll of teleportation for 45 gold pieces
  7654 | Orc:2    | Bought a scroll of enchant armour for 112 gold pieces
  7654 | Orc:2    | Bought a scroll of fog for 30 gold pieces
  7656 | Orc:2    | Found Fuysodau's General Store.
  7657 | Orc:2    | Found Baipiy's Antique Armour Emporium.
  7665 | Orc:2    | Bought an ancient plate armour for 784 gold pieces
  7675 | Orc:2    | Identified the cursed +0 plate armour "Wanoceky" {Int+4} (You bought it in a shop on level 2 of the Orcish Mines)
  7683 | Orc:2    | Bought a scroll of fear for 35 gold pieces
  7819 | Orc:2    | Bought a jewelled cloak for 266 gold pieces
  7829 | Orc:2    | Identified the cursed +0 cloak of Pandemonium {rF+ Str+4 Int+2} (You bought it in a shop on level 2 of the Orcish Mines)
  7854 | Orc:2    | Found a staircase to the Elven Halls.
  8204 | D:9      | Found a bloodstained altar of Trog.
  8329 | Lair:3   | Noticed Gastronok
  8350 | Lair:3   | Killed Gastronok
  8472 | Lair:3   | Found a staircase to the Swamp.
  8483 | Swamp:1  | Entered Level 1 of the Swamp
  8596 | Swamp:1  | Reached skill level 10 in Transmutations
  8744 | Swamp:3  | Reached XP level 15. HP: 123/124 MP: 19/19
  8748 | Swamp:3  | Reached skill level 5 in Translocations
  8771 | Swamp:4  | Entered Level 4 of the Swamp
  8782 | Swamp:4  | Reached skill level 13 in Shields
  8807 | Swamp:4  | Got a bloodstained large shield
  8818 | Swamp:4  | Identified the +6 large shield of Amelioration {rPois Str+3} (You acquired it on level 4 of the Swamp)
  8964 | Swamp:4  | Got an ichor-stained plate armour
  9038 | Swamp:4  | Gained mutation: You are somewhat resistant to further mutation. [potion of beneficial mutation]
  9103 | Swamp:4  | Noticed a thorn hunter
  9121 | Swamp:4  | Killed a thorn hunter
  9272 | Swamp:4  | Got a decaying rune of Zot
  9370 | Swamp:1  | Noticed Mefis's ghost (journeyman DEWz)
  9377 | Swamp:1  | Killed Mefis's ghost
  9407 | Swamp:1  | Reached skill level 14 in Shields
  9597 | Snake:1  | Entered Level 1 of the Snake Pit
  9764 | Snake:4  | Entered Level 4 of the Snake Pit
  9946 | Snake:4  | Reached skill level 1 in Necromancy
  9967 | Snake:4  | Noticed a greater naga
  9981 | Snake:4  | Killed a greater naga
 10005 | Snake:4  | Noticed a greater naga
 10006 | Snake:4  | Noticed a greater naga
 10007 | Snake:4  | Reached XP level 16. HP: 125/132 MP: 20/20
 10024 | Snake:4  | Killed from afar by a naga mage

Vault maps used:
D:1:      onia_arrival_pentagram, st_stairs_14, corexii_corridor_pit,
          minmay_ruptured
D:2:      nicolae_dithmenos_through_a_glass_darkly, serial_glass,
          glass_columns_c, glass_columns_b, first_bread
D:3:      kennysheep_ying_yang, lemuel_doored_altar
D:4:      zin_treasury, minmay_temple_entry_butterflies, uniq_eustachio,
          uniq_grinder
D:5:      nicolae_overflow_crystal_walls, kennysheep_mini, uniq_blork_the_orc
D:6:      minmay_opposing_rooms, xom_butterflies, kennysheep_vampire_church,
          hangedman_decor_peaks_small, kennysheep_generic_room_12
D:7:      gammafunk_temple_overflow_statue, serial_shops, shop, the_bakery,
          trog_three_pillars_becter
D:8:      lemuel_bear_cage, special_room, basic_altar
D:9:      lightli_temple_of_fire, minmay_lair_entry_lava, hiddenorc2_lemuel,
          minivault_23, abandoned_shop, kennysheep_potato
D:10:     hangedman_cross_stitches, evilmike_ruin_ashenzari
D:11:     enter_bailey_3
D:12:     hangedman_screamer, uniq_azrael, uniq_sonja
D:13:     minmay_dotted_concentric_squares, spider_trap, tgw_sif
Temple:   minmay_temple_bridge_a_8
Lair:1:   grunt_megastairs_3
Lair:2:   serial_bayou_shore_b
Lair:3:   nicolae_swamp_entry_splash_gauntlet, special_room, uniq_gastronok
Lair:4:   guppyfry_snake_entry_island
Lair:5:   portal_ice_cave_entry_pillars_02, infiniplex_staircase_pool,
          lemuel_fruit_fields
Lair:6:   dpeg_slime_entry_enclosed_altar, minivault_23, serial_bayou_pond_d
Lair:8:   hangedman_lair_caniforms_friends, basic_altar
Swamp:1:  hangedman_swamp_cone
Swamp:2:  evilmike_swamp_ruin_house_4, swamp_pool4, nicolae_swamp_baby_hydras,
          uniq_louise
Swamp:3:  evilmike_swamp_ruin_house_2, kb_tengu_band, uniq_aizul
Swamp:4:  swamp_basic_johnstein
Snake:2:  dpeg_oklob_gauntlet, grunt_megastairs_1
Snake:3:  nicolae_snake_single_loop, serial_bayou_shore_b
Snake:4:  snake_pit, serial_shops, nicolae_shop_crystal, uniq_jorgrun
Orc:1:    uniq_nergalle
Orc:2:    st_orc_open
Bailey:   bailey_polearm_3, bailey
IceCv:    ice_cave_caverns_02

Skill      XL: |  1  2  3  4  5  6  7  8  9 10 11 12 13 14 15 16 |
---------------+-------------------------------------------------+-----
Unarmed Combat | 5 6 8 9 11 12 13 | 13.2
Fighting       | 3 4 6 7 8 9 |  9.0
Invocations    | 2 4 5 6 |  6.3
Evocations     | 2 3 5 6 |  6.5
Shields        | 1 3 5 7 9 10 12 14 | 14.5
Dodging        | 4 5 7 9 10 11 | 11.0
Transmutations | 4 8 10 11 | 11.6
Translocations | 1 4 6 |  6.7
Necromancy     | 3 4 |  4.5
Stealth        | |  3.0

Action                   |  1- 3 |  4- 6 |  7- 9 | 10-12 | 13-15 | 16-18 || total
-------------------------+-------+-------+-------+-------+-------+-------++-------
Melee: Unarmed           |    76 |    91 |   293 |   787 |  1108 |     2 ||  2357
       Bite              |     6 |     6 |    52 |   178 |   257 |     2 ||   501
       Punch             |     2 |     1 |     5 |       |       |       ||     8
       Headbutt          |       |       |       |       |   300 |     1 ||   301
 Fire: Blowgun           |       |       |       |     2 |       |       ||     2
Invok: Bend Time         |       |       |     2 |       |       |       ||     2
       Slouch            |       |       |       |     4 |    16 |     4 ||    24
       Temporal Distorti |       |       |       |     3 |     1 |       ||     4
Evoke: Wand              |       |       |    25 |    24 |    14 |       ||    63
       Deck              |       |       |       |       |     1 |       ||     1
       Lamp of fire      |       |       |       |       |     4 |       ||     4
  Use: Potion            |     7 |     7 |     6 |    22 |    34 |     2 ||    78
       Scroll            |       |       |     7 |    13 |    17 |     3 ||    40
 Stab: Sleeping          |     5 |     4 |       |       |     2 |       ||    11
       Confused          |       |       |     7 |     6 |     1 |       ||    14
       Distracted        |       |       |       |     3 |    19 |       ||    22
       Invisible         |       |       |       |       |    11 |       ||    11
Armor: Robe              |     1 |       |       |       |       |       ||     1
       Ring mail         |    10 |    24 |     6 |    11 |    10 |       ||    61
       Plate armour      |       |       |    88 |   147 |    27 |       ||   262
       Skin              |       |       |       |     8 |       |       ||     8
       Chain mail        |       |       |       |       |   214 |     6 ||   220
Dodge: Dodged            |    32 |    37 |    79 |   231 |   533 |     6 ||   918
Block: Shield            |       |       |    44 |       |       |       ||    44
       Large shield      |       |       |    62 |   754 |  1458 |    29 ||  2303
